 Dungeon Crawl Stone Soup version 0.31.0-12-g77e489cdc1 (webtiles) character file.

Game seed: 4631327441438514098

56 Silvore the Trooper (level 3, 0/29 HPs)
             Began as a Demonspawn Fighter on Feb 15, 2024.
             Slain by an adder (2 damage)
             ... on level 2 of the Dungeon.
             The game lasted 00:01:14 (874 turns).

Silvore the Trooper (Demonspawn Fighter)             Turns: 874, Time: 00:01:15

Health: 0/29       AC:  7    Str: 18    XL:     3   Next: 71%
Magic:  3/3        EV:  9    Int:  8    God:
Gold:   19         SH:  4    Dex: 12    Spells: 2/2 levels left

rFire   . . .        a - +0 long sword
rCold   . . .        c - +0 buckler
rNeg    . . .        b - +0 scale mail
rPois   .            (no helmet)
rElec   .            (no cloak)
rCorr   .            (no gloves)
SInv    .            (no boots)
Will    .....        (no amulet) Stlth
                     (no ring)
HPRegen 0.24/turn    (no ring)
MPRegen 0.08/turn

%: no passive effects
@: mighty, lethally poisoned (0 -> -2)
A: claws 1, sharp scales 1
a: no special abilities


You were on level 2 of the Dungeon.
You visited 1 branch of the dungeon, and saw 2 of its levels.

You collected 19 gold pieces.

Inventory:

Hand Weapons
 a - a +0 long sword (weapon)
Armour
 b - a +0 scale mail (worn)
 c - a +0 buckler (worn)
Potions
 e - 2 potions of curing {unknown}
 g - a potion of heal wounds {unknown}


   Skills:
 + Level 3.3 Fighting
 + Level 2.6 Long Blades
 + Level 3.0 Armour
 + Level 0.6 Dodging
 + Level 3.1 Shields


You had 2 spell levels left.
You didn't know any spells.
Your spell library was empty.

Dungeon Overview and Level Annotations

Branches:
Dungeon (2/15)

Altars:


Innate Abilities, Weirdness & Mutations

You have sharp fingernails.
You are partially covered in razor-sharp scales. (AC +1, Slay +1)


Message History

The goblin hits you with a +0 club. Robin hits you with a +0 trident.
The adder closely misses you. The goblin hits you but does no damage.
Unknown command.
You feel very mighty all of a sudden. Robin hits you but does no damage.
The adder barely misses you. The goblin barely misses you.
You slash the adder!
The adder is severely wounded.
The adder bites you. Robin hits you but does no damage.
The adder completely misses you. You block the goblin's attack.
Robin hits you but does no damage.
You barely miss the adder.
The adder is severely wounded.
The adder bites you but does no damage. You block the goblin's attack.
You block Robin's attack. The adder bites you.
* * * LOW HITPOINT WARNING * * *
You barely miss the adder.
The adder is severely wounded.
The adder completely misses you. The goblin closely misses you.
Robin hits you but does no damage. The adder bites you but does no damage.
You block the goblin's attack.
You completely miss the adder.
The adder is severely wounded.
You block Robin's attack. The adder bites you but does no damage.
The goblin hits you with a +0 club.
* * * LOW HITPOINT WARNING * * *
Robin says, "My goblins will feast on your bones."
You block Robin's attack.
You slice Robin!!
You kill Robin!
The adder bites you.
* * * LOW HITPOINT WARNING * * *
You are lethally poisoned!
The adder poisons you! The goblin hits you but does no damage.
The adder barely misses you.
You closely miss the adder.
The adder is severely wounded.
* * * LOW HITPOINT WARNING * * *
You feel sick. The adder bites you.
You die...

#. +#$..
..###.####.#..
.............#
.............#
............#
............#
...........#
.......Sg..#
.......@..##
........).#
..........#
............
.............
..########+##..
. (


You could see an adder and a goblin (strong).

Vanquished Creatures
  Robin (D:2)
  2 dart slugs (D:1)
  3 endoplasms (D:1)
  10 goblins (D:1)
  8 hobgoblins (D:1)
  A quokka (D:1)
  3 ball pythons
  3 bats (D:1)
  4 frilled lizards (D:1)
  4 rats (D:1)
39 creatures vanquished.

Notes
Turn   | Place    | Note
-------+----------+-------------------------------------------
     0 | D:1      | Silvore the Demonspawn Fighter began the quest for the Orb.
     0 | D:1      | Reached XP level 1. HP: 18/18 MP: 1/1
   185 | D:1      | Gained mutation: You have sharp fingernails. [demonic
                  | ancestry]
   185 | D:1      | Reached XP level 2. HP: 19/24 MP: 2/2
   537 | D:2      | Noticed Robin
   542 | D:1      | Gained mutation: You are partially covered in razor-sharp
                  | scales. (AC +1, Slay +1) [demonic ancestry]
   542 | D:1      | Reached XP level 3. HP: 27/29 MP: 3/3
   873 | D:2      | Killed Robin
   874 | D:2      | Slain by an adder

Illustrated notes

Levels and vault maps discovered:
D:1:      nzn_arrival_settlement, layout_basic
D:2:      wad_pebble_path, layout_basic, minmay_unequal, uniq_robin

Skill      XL: |  1  2  3 |
---------------+----------+-----
Long Blades    | 2 |  2.6
Shields        | 3 |  3.1
Armour         | 3 |  3.0
Fighting       | |  3.3
Dodging        | |  0.6

Action                     || total
---------------------------++-------
  Melee: Long sword        ||   134
    Use: Scroll            ||     1
         Potion            ||     1
 Armour: Scale mail        ||   209
  Dodge: Dodged            ||   105
  Block: Buckler           ||    69
